 Dungeon Crawl Stone Soup version 0.17-a0-1830-g81820eb (webtiles) character file.

1645 4thArraOfDagon the Ruffian (level 8, 0/69 (71) HPs)
             Began as a Troll Chaos Knight on Sept 13, 2015.
             Was a Priest of Cheibriados.
             Slain by an iguana (15 damage)
             ... on level 6 of the Dungeon.
             The game lasted 00:06:43 (1273 turns).

4thArraOfDagon the Ruffian (Troll Chaos Knight)     Turns: 1273, Time: 00:06:43

HP:   0/69 (71)     AC:  7    Str: 27    XL:     8   Next: 67%
MP:   9/9           EV:  8    Int: 16    God:    Cheibriados [***...]
Gold: 141           SH: 15    Dex: 15    Spells: 0 memorised, 7 levels left

rFire  . . .     SeeInvis .       - Unarmed
rCold  . . .     Clarity  .     a - +2 robe
rNeg   . . .     SustAt   .     g - +0 large shield
rPois  .         Gourm    +     (helmet restricted)
rElec  .         Spirit   .     (no cloak)
rCorr  .         Warding  .     (gloves unavailable)
rMut   .         Stasis   .     (boots unavailable)
MR     .....                    (no amulet)
Stlth  +.........               (no ring)
                                (no ring)

@: very slow, not resistant to hostile enchantments, very unstealthy
A: unfitting armour, claws 3, fast metabolism 3, frail 1, gourmand, regeneration
2, shaggy fur 1, tough skin 2
a: Bend Time, Temporal Distortion, Renounce Religion


You were on level 6 of the Dungeon.
You worshipped Cheibriados.
Cheibriados was most pleased with you.
You were very full.

You visited 1 branch of the dungeon, and saw 6 of its levels.

You collected 141 gold pieces.

Inventory:

Missiles
 n - 4 large rocks (quivered)
Armour
 a - a +2 robe (worn)
 g - a +0 large shield (worn)
Magical devices
 i - a wand of random effects (13)
Scrolls
 c - a scroll of identify
 e - a scroll of random uselessness {unknown}
 m - 2 scrolls of remove curse {unknown}
 o - a scroll of fog
Potions
 h - a potion of flight
 k - 2 potions of curing
 l - a potion of might
Comestibles
 b - 3 bread rations
 d - a royal jelly
 f - a slice of pizza
 j - 2 chunks of flesh


   Skills:
 + Level 4.5 Fighting
 + Level 4.2 Dodging
 * Level 3.9 Shields
 * Level 7.2 Unarmed Combat
 + Level 2.7 Invocations


You had 7 spell levels left.
You didn't know any spells.

Dungeon Overview and Level Annotations

Branches:
Dungeon (6/15)             Temple (0/1) D:4

Altars:
Cheibriados
Elyvilon
Vehumet

Shops:
D:4 (   D:5 [


Innate Abilities, Weirdness & Mutations

You are too large for most types of armour.
You have claws for hands.
Your metabolism is lightning-fast.
You like to eat raw meat.
You heal very quickly.
You are covered in fur (AC +1).
You have very tough skin (AC +2).
You are frail (-10% HP).


Message History

The necrophage hits you. You block the orc's attack. The iguana bites you!
* * * LOW HITPOINT WARNING * * *
An orc wizard comes into view. It is wielding a dagger.
Unknown command.
You closely miss the necrophage.
The necrophage is almost destroyed.
You block the necrophage's attack. You block the orc's attack.
The orc wizard casts a spell.
The orc wizard seems to speed up.
The iguana bites you but does no damage.
Unknown command.
Unknown command.
Unknown command.
Your shield prevents you from hitting the necrophage.
The necrophage is almost destroyed.
The necrophage hits you!
* * * LOW HITPOINT WARNING * * *
Your flesh rots away! x2
The iguana bites you!
You die...

...#... #'#....
## #....# #.#
##....# #.#
##.....#
###.###...#.. #
.#........#.###$#
#.
##...รท.#ln...#
#.##...#...@.#
#.#....#.###o#
#......#.. o#
#...#.....# ..
#...#.###.# ###
#.###...#.....#.
#...............
#######.........
##.##.#.#


You could see a necrophage, an iguana, an orc wizard and an orc.

Vanquished Creatures
  The ghost of Stormsson the Covert, an experienced SpAs (D:5)
  Sigmund (D:3)
  A sky beast (D:5)
  2 phantoms
  3 giant frogs
  2 scorpions (D:5)
  A centaur zombie (D:5)
  A crimson imp (D:6)
  A hound (D:5)
  4 orc priests
  4 orc wizards
  A jelly (D:5)
  2 giant frog skeletons (D:4)
  Natasha (thrice) (D:3)
  2 worker ants
  A hound skeleton (D:6)
  4 gnolls (D:5)
  4 adders
  3 oozes
  An adder skeleton (D:6)
  3 worms
  4 giant geckos
  18 orcs
  A ball python (D:2)
  A bat (D:3)
  6 giant cockroaches
  3 goblins
  A hobgoblin (D:3)
  A jackal (D:5)
  A giant gecko skeleton (D:5)
  A jackal skeleton (D:4)
  3 quokkas
  3 rats (D:3)
88 creatures vanquished.

Notes
Turn   | Place    | Note
--------------------------------------------------------------
     0 | D:1      | 4thArraOfDagon the Troll Chaos Knight began the quest for the Orb.
     0 | D:1      | Reached XP level 1. HP: 22/22 MP: 0/0
   144 | D:3      | Noticed Natasha
   152 | D:3      | Killed Natasha
   152 | D:3      | Reached XP level 2. HP: 22/29 MP: 1/1
   173 | D:3      | Noticed Sigmund
   173 | D:3      | Reached XP level 3. HP: 34/36 MP: 2/2
   173 | D:3      | XOM: potion effect (agility)
   191 | D:3      | Killed Sigmund
   191 | D:3      | Reached skill level 4 in Unarmed Combat
   191 | D:3      | Reached XP level 4. HP: 21/45 MP: 3/3
   191 | D:3      | Reached XP level 5. HP: 24/53 MP: 4/4
   202 | D:3      | Noticed Natasha
   207 | D:3      | Killed Natasha
   213 | D:3      | Noticed a giant frog
   233 | D:3      | Killed a giant frog
   233 | D:3      | Reached skill level 5 in Unarmed Combat
   238 | D:3      | Reached XP level 6. HP: 24/61 MP: 5/5
   245 | D:3      | Noticed Natasha
   251 | D:3      | Found a snail-covered altar of Cheibriados.
   252 | D:3      | Found a radiant altar of Vehumet.
   255 | D:3      | Found a white marble altar of Elyvilon.
   260 | D:3      | Killed Natasha
   277 | D:3      | Fell from the grace of Xom
   277 | D:3      | Became a worshipper of Cheibriados the Contemplative
   279 | D:3      | Noticed an orc priest
   292 | D:3      | Killed an orc priest
   332 | D:3      | XOM: summons 2 hostile shadow creatures
   399 | D:4      | XOM: noise
   418 | D:4      | Found a staircase to the Ecumenical Temple.
   544 | D:4      | Acquired Cheibriados's first power
   561 | D:4      | Reached skill level 1 in Shields
   575 | D:4      | Found Femmagi's Weapon Boutique.
   646 | D:4      | XOM: give mutation
   646 | D:4      | Gained mutation: You are frail (-10% HP). [Xom's mischief]
   686 | D:5      | Entered Level 5 of the Dungeon
   698 | D:4      | Reached XP level 7. HP: 61/61 MP: 6/6
   740 | D:4      | Reached skill level 6 in Unarmed Combat
   741 | D:4      | Reached skill level 1 in Invocations
   796 | D:4      | XOM: noise
   970 | D:5      | Reached XP level 8. HP: 65/70 MP: 8/8
   997 | D:5      | Found Nuofrior's Armour Emporium.
   997 | D:5      | Noticed Stormsson's ghost (experienced SpAs)
  1016 | D:5      | Killed Stormsson's ghost
  1078 | D:5      | XOM: noise
  1099 | D:5      | Reached skill level 7 in Unarmed Combat
  1237 | D:6      | XOM: 2-stop teleportation journey
  1259 | D:6      | Acquired Cheibriados's second power
  1273 | D:6      | Slain by an iguana

Vault maps used:
D:1:      erik_arrival_blinker_ship
D:2:      grunt_temple_overflow_gold_and_silver, first_bread,
          minmay_parallelograms
D:3:      grunt_temple_overflow_open, uniq_robin, uniq_natasha, uniq_sigmund
D:4:      minmay_temple_entry_mist, kennysheep_diamond
D:5:      serial_bayou, serial_bayou_pond_e, serial_bayou_crossing,
          serial_bayou_pond_a, serial_bayou_pond_b, serial_shops, shop_fountains
D:6:      hangedman_cross_stitches, glass_columns_a, minmay_misc_feat_x, tgw_xom

Action                   |  1- 3 |  4- 6 |  7- 9 || total
-------------------------+-------+-------+-------++-------
Melee: Unarmed           |    27 |   117 |   209 ||   353
  Use: Potion            |     1 |     1 |       ||     2
       Scroll            |       |       |     4 ||     4
 Stab: Sleeping          |       |       |     1 ||     1
  Eat: Chunk             |     7 |     3 |     4 ||    14
